 Dungeon Crawl Stone Soup version 0.29-a0-866-g0545e20025 (webtiles) character file.

Game seed: 97837844379026193

7 Malachi the Sneak (level 1, 0/16 HPs)
             Began as a Vampire Brigand on July 17, 2022.
             Slain by a jackal (2 damage)
             ... on level 1 of the Dungeon.
             The game lasted 00:00:16 (276 turns).

Malachi the Sneak (Vampire Brigand)                  Turns: 276, Time: 00:00:16

Health: 0/16       AC:  3    Str: 10    XL:     1   Next: 91%
Magic:  1/1        EV: 12    Int: 13    God:
Gold:   36         SH:  0    Dex: 15    Spells: 0/0 levels left

rFire   . . .      SeeInvis +   a - +2 dagger
rCold   . . .      Faith    .   (no shield)
rNeg    . . .      Spirit   .   b - +0 robe
rPois   .          Reflect  .   (no helmet)
rElec   .          Harm     .   c - +0 cloak
rCorr   .          Rampage  .   (no gloves)
Will    .....                   (no boots)
Stlth   +++.......              (no amulet)
HPRegen 0.25/turn               (no ring)
MPRegen 0.07/turn               (no ring)

@: healing quickly
A: alive, fangs 3, see invisible, vampiric 1
a: Exsanguinate


You were on level 1 of the Dungeon.
You visited 1 branch of the dungeon, and saw 1 of its levels.

You collected 36 gold pieces.

Inventory:

Hand Weapons
 a - a +2 dagger (weapon)
Missiles
 d - 9 poisoned darts (quivered)
 e - 3 curare-tipped darts
Armour
 b - a +0 robe (worn)
 c - a +0 cloak (worn)
Scrolls
 f - a scroll of noise {unknown}


   Skills:
 - Level 1.7 Fighting
 + Level 3.0 Short Blades
 - Level 1.5 Throwing
 - Level 1.1 Dodging
 - Level 5.8 Stealth


You couldn't memorise any spells.
You didn't know any spells.
Your spell library was empty.

Dungeon Overview and Level Annotations

Branches:
Dungeon (1/15)

Altars:


Innate Abilities, Weirdness & Mutations

Your natural rate of healing is accelerated.
You have razor-sharp teeth.
You have supernaturally acute eyesight. (SInv)
You are afflicted with vampirism.


Message History

You hear a bark!
A jackal comes into view.
The jackal moves out of view.
There are monsters nearby!
A jackal comes into view.
Found a fizzy green potion.
The jackal bites you but does no damage.
The hobgoblin closely misses you.
The endoplasm hits you but does no damage.
The jackal closely misses you.
You hit the hobgoblin.
The hobgoblin is lightly wounded.
The hobgoblin hits you but does no damage.
The endoplasm barely misses you. The jackal barely misses you.
You hit the hobgoblin.
The hobgoblin is moderately wounded.
The jackal bites you. The jackal barely misses you. The hobgoblin hits you.
The endoplasm freezes you.
You are frozen.
You hit the hobgoblin. You bite the hobgoblin.
The hobgoblin is almost dead.
The jackal bites you but does no damage.
The jackal closely misses you.
You closely miss the hobgoblin.
The hobgoblin is almost dead.
The jackal bites you. The endoplasm freezes you.
You are frozen.
The hobgoblin hits you. The jackal barely misses you.
You are too injured to fight recklessly!
You are too injured to fight recklessly!
You are too injured to fight recklessly!
You are too injured to fight recklessly!
You are too injured to fight recklessly!
You are too injured to fight recklessly!
You are too injured to fight recklessly!
You are too injured to fight recklessly!
The jackal attacks as you move away! The jackal bites you.
* * * LOW HITPOINT WARNING * * *
The jackal attacks as you move away! The jackal bites you.
You die...

#.. #..
.#### #...
#...# .#...
#...###
......
..!...
#....##...#
###.(.g.J..#
......h@...#
......h...##
..........##
.....####..#
!.... ##.# #
.... #.## .#
###
##..###.#
.#######
#.....#.#
.#.....#
#.....#.#


You could see an endoplasm, 2 jackals and a hobgoblin.

Vanquished Creatures
  2 endoplasms (D:1)
  A giant cockroach (D:1)
  A kobold (D:1)
  2 bats (D:1)
  A rat (D:1)
7 creatures vanquished.

Notes
Turn   | Place    | Note
-------+----------+-------------------------------------------
     0 | D:1      | Malachi the Vampire Brigand began the quest for the Orb.
     0 | D:1      | Reached XP level 1. HP: 16/16 MP: 1/1
   276 | D:1      | Slain by a jackal

Illustrated notes

Levels and vault maps discovered:
D:1:      elethiomel_arrival_maze, layout_basic, serial_bayou_pond_d

Skill      XL: |  1 |
---------------+----+-----
Short Blades   | 3 |  3.0
Fighting       | |  1.7
Throwing       | |  1.5
Dodging        | |  1.1
Stealth        | |  5.8

Action                   || total
-------------------------++-------
Melee: Dagger            ||    21
       Bite              ||     1
Armor: Robe              ||     5
Dodge: Dodged            ||    14

Table legend: (Time is in decaauts)
 A = Elapsed time spent in this place.
 B = Non-inter-level travel time spent in this place.
 C = Inter-level travel time spent in this place.
 D = Time resting spent in this place.
 E = Time spent auto-exploring this place.
 F = Levels seen in this place.
 G = Mean time per level.
                   A        B        C        D        E       F      G
               +--------+--------+--------+--------+--------+-----+--------+
         Total |    273 |    273 |      0 |      0 |    226 |   1 |  273.0 |
       Dungeon |    273 |    273 |      0 |      0 |    226 |   1 |  273.0 |
               +--------+--------+--------+--------+--------+-----+--------+

Top non-repeatable levels by time:
     D:1: 273 daAuts
